 Dungeon Crawl Stone Soup version 0.32-a0-433-g08bcfe7efd (webtiles) character file.

Game seed: 6244382815421346850

3238 pokeman the Thaumaturge (level 9, -3/48 HPs)
             Began as a Deep Elf Hedge Wizard on Feb 23, 2024.
             Was a Believer of Vehumet.
             Engulfed by a cloud of freezing vapour (16 damage)
             ... on level 8 of the Dungeon.
             The game lasted 00:16:04 (7927 turns).

pokeman the Thaumaturge (Deep Elf Hedge Wizard)     Turns: 7927, Time: 00:16:04

Health: -3/48      AC:  7    Str:  7    XL:     9   Next: 66%
Magic:  6/27       EV: 13    Int: 24    God:    Vehumet [**....]
Gold:   348        SH:  0    Dex: 14    Spells: 14/32 levels left

rFire   . . .        q - +2 dagger (drain)
rCold   . . .        (no shield)
rNeg    . . .        b - +0 robe
rPois   .            c - +0 hat
rElec   .            g - +0 cloak
rCorr   .            (no gloves)
SInv    .            (no boots)
Will    +....        (no amulet)
Stlth   ++           e - ring of willpower
HPRegen 0.28/turn    z - +4 ring of protection
MPRegen 0.20/turn

%: no passive effects
@: very slightly contaminated
A: no striking features
a: Renounce Religion


You were on level 8 of the Dungeon.
You worshipped Vehumet.
Vehumet was pleased with you.
You visited 2 branches of the dungeon, and saw 9 of its levels.

You collected 348 gold pieces.

Inventory:

Hand Weapons
 q - a +2 dagger of draining (weapon)
 D - a +0 demon whip
Missiles
 t - 3 throwing nets
Armour
 b - a +0 robe (worn)
 c - a +0 hat (worn)
 g - a +0 cloak (worn)
 h - a scarf of repulsion
 o - an orb of energy
 y - a +0 kite shield
Magical Staves
 F - a staff of air
Jewellery
 e - a ring of willpower (left hand)
 r - a ring of ice
 z - a +4 ring of protection (right hand)
Wands
 x - a wand of light (11)
Scrolls
 i - 2 scrolls of immolation {unknown}
 k - a scroll of enchant weapon {unknown}
 m - a scroll of blinking {unknown}
 s - 4 scrolls of identify {unknown}
 u - a scroll of teleportation {unknown}
 C - 2 scrolls of torment {unknown}
 E - a scroll of poison {unknown}
 G - a scroll of vulnerability {unknown}
 H - a scroll of noise {unknown}
Potions
 a - 5 potions of heal wounds {unknown}
 d - a potion of magic
 f - a potion of degeneration {unknown}
 j - 2 potions of enlightenment {unknown}
 l - 2 potions of brilliance {unknown}
 n - a potion of cancellation {unknown}
 p - 3 potions of curing {unknown}
 v - a potion of attraction {unknown}
 w - 2 potions of haste {unknown}
 A - 3 potions of might {unknown}
 B - a potion of lignification {unknown}


   Skills:
 - Level 2.0 Fighting
 - Level 3.0 Armour
 - Level 3.0 Dodging
 - Level 3.0 Stealth
 + Level 2.8 Shields
 * Level 12.0 Spellcasting
 + Level 6.6 Conjurations
 - Level 1.1 Summonings
 - Level 1.1 Translocations
 + Level 3.8 Ice Magic
 - Level 1.1 Air Magic
 - Level 4.1 Alchemy
 - Level 1.0 Evocations


You had 14 spell levels left.
You knew the following spells:

 Your Spells              Type           Power      Damage    Failure   Level
a - Magic Dart            Conj           100%       1d8       1%          1
b - Mephitic Cloud        Conj/Alch/Air  33%        N/A       2%          3
c - Call Imp              Summ           38%        N/A       4%          2
d - Blink                 Tloc           38%        N/A       4%          2
e - Irradiate             Conj/Alch      20%        3d18      13%         5
f - Freezing Cloud        Conj/Ice/Air   16%        6-21      24%         5

Your spell library contained the following spells:

 Spells                   Type           Power      Damage    Failure   Level
 Momentum Strike          Conj/Tloc      66%        3d9       1%          2
 Mercury Vapours          Alch/Air       54%        N/A       2%          2
 Cigotuvi's Dreadful Rot  Necr/Alch/Air  44%        N/A       3%          2
 Slow                     Hex            56%        N/A       4%          1
 Sublimation of Blood     Necr           14%        N/A       6%          2
 Petrify                  Alch/Erth      24%        N/A       19%         4


Dungeon Overview and Level Annotations

Branches:
Dungeon (8/15)             Temple (1/1) D:4
   Lair: D:8-11

Altars:
Ashenzari
Cheibriados
Elyvilon
Fedhas
Kikubaaqudgha
Nemelex Xobeh
Okawaru
Qazlal
Ru
Sif Muna
Trog
Uskayaw
Vehumet
Xom
Zin
The Shining One


Message History

Casting: Magic Dart (safe; 1% risk of failure)
Confirm with . or Enter, or press ? or * to list all spells.
Aiming: Magic Dart (safe; 1% risk of failure)
Press: ? - help, Shift-Dir - straight line, f/p - howler monkey
Aim: a howler monkey (almost dead, 100% to hit)
The magic dart hits the howler monkey.
The howler monkey is almost dead.
The howler monkey hoots and howls with incredible vigour!
You hear a shout! x6; You hear an angry buzzing noise. x2
Casting: Magic Dart (safe; 1% risk of failure)
Confirm with . or Enter, or press ? or * to list all spells.
Aiming: Magic Dart (safe; 1% risk of failure)
Press: ? - help, Shift-Dir - straight line, f/p - howler monkey
Aim: a howler monkey (almost dead, 100% to hit)
The magic dart hits the howler monkey.
You kill the howler monkey!
Vehumet accepts your kill.
You feel your power returning.
A troll comes into view.
Casting: Magic Dart (safe; 1% risk of failure)
Confirm with . or Enter, or press ? or * to list all spells.
Aiming: Freezing Cloud (quite dangerous; 24% risk of failure)
Press: ? - help, Dir - move target You miscast Freezing Cloud.
You are very lightly contaminated with residual magic.
A chill runs through your body!
Casting: Freezing Cloud (quite dangerous; 24% risk of failure)
Confirm with . or Enter, or press ? or * to list all spells.
Aiming: Freezing Cloud (quite dangerous; 24% risk of failure)
Press: ? - help, Dir - move target You miscast Freezing Cloud.
There is a short, sharp shower of sparks!
* * * LOW HITPOINT WARNING * * *
Unknown command.
Casting: Freezing Cloud (quite dangerous; 24% risk of failure)
Confirm with . or Enter, or press ? or * to list all spells.
Aiming: Freezing Cloud (quite dangerous; 24% risk of failure)
Press: ? - help, Dir - move target You are engulfed in freezing vapours.
You die...

.#.#...# ### .......+ ..#
####### ##.....# #.#
(....... #...### #.# .......
#.#..# #.# #....# .. #.##.##
#.###########.._.##_.
#.##..###.#.§§§.......#####.
#.###.......§§§..)).).#####
#.# #####.#.T§§@.†).)...##
#.# #.#########.#)._## #.#
#.#)..##... #..
###'#........ ...
#...†.)...).. ....
#............ ....
#.......).... #............
#............


You could see a troll.

Vanquished Creatures
  Pikel (D:5)
  Grinder (D:4)
  Prince Ribbit (D:6)
  2 yaks (D:8)
  Menkaure (D:5)
  A water moccasin (D:7)
  A sky beast (D:6)
  A black bear (D:7)
  4 lemures (D:5)
  A phantom (D:5)
  Blork the orc (D:5)
  2 kobold brigands
  2 gnoll sergeants
  4 scorpions
  3 wights (D:6)
  3 howler monkeys
  3 bombardier beetles
  3 hounds
  A jelly (D:5)
  3 orc priests (D:6)
  A sleepcap (D:4)
  3 iguanas
  Natasha (thrice) (D:3)
  2 orc wizards
  11 gnolls
  4 adders
  3 white imps
  2 ufetubi (D:5)
  3 dart slugs
  A ribbon worm (D:3)
  10 orcs
  8 endoplasms
  2 giant cockroaches
  5 goblins
  5 hobgoblins
  3 jackals (D:2)
  4 quokkas
  5 ball pythons
  11 kobolds
  2 rats
127 creatures vanquished.

Notes
Turn   | Place    | Note
-------+----------+-------------------------------------------
     0 | D:1      | pokeman the Deep Elf Hedge Wizard began the quest for the
                  | Orb.
     0 | D:1      | Reached XP level 1. HP: 10/10 MP: 7/7
   237 | D:1      | Reached XP level 2. HP: 16/16 MP: 4/9
  1160 | D:2      | Reached skill level 5 in Spellcasting
  1400 | D:2      | Reached XP level 3. HP: 20/20 MP: 8/11
  1404 | D:2      | Learned a level 3 spell: Mephitic Cloud
  1407 | D:2      | Learned a level 2 spell: Call Imp
  1410 | D:2      | Learned a level 2 spell: Blink
  2017 | D:3      | Found a stormy altar of Qazlal.
  2168 | D:3      | Reached skill level 1 in Fighting
  2168 | D:3      | Reached skill level 1 in Armour
  2168 | D:3      | Reached XP level 4. HP: 17/25 MP: 9/13
  2304 | D:3      | Noticed Natasha
  2309 | D:3      | Killed Natasha
  2769 | D:3      | Noticed Natasha
  2772 | D:3      | Killed Natasha
  2815 | D:3      | Noticed Natasha
  2824 | D:3      | Killed Natasha
  2825 | D:3      | Reached skill level 6 in Spellcasting
  2825 | D:3      | Reached XP level 5. HP: 29/29 MP: 11/15
  2923 | D:4      | Noticed Grinder
  3060 | D:4      | Found an ancient bone altar of Kikubaaqudgha.
  3060 | D:4      | Found a staircase to the Ecumenical Temple.
  3076 | Temple   | Entered the Ecumenical Temple
  3099 | Temple   | Became a worshipper of Vehumet
  3148 | D:4      | Reached skill level 1 in Air Magic
  3556 | D:4      | You fall into a shaft and drop 2 floors!
  3614 | D:6      | Reached skill level 1 in Alchemy
  3614 | D:6      | Reached XP level 6. HP: 6/34 MP: 5/17
  3730 | D:6      | Learned a level 5 spell: Irradiate
  3745 | D:5      | Entered Level 5 of the Dungeon
  3760 | D:5      | Reached skill level 7 in Spellcasting
  3953 | D:5      | Noticed Menkaure
  3962 | D:5      | Killed Menkaure
  3963 | D:5      | Reached XP level 7. HP: 40/40 MP: 11/20
  4194 | D:5      | Noticed Blork the orc
  4210 | D:5      | Killed Blork the orc
  4211 | D:5      | Reached skill level 8 in Spellcasting
  4321 | D:5      | Noticed Pikel
  4368 | D:5      | Killed Pikel
  4369 | D:5      | Reached skill level 9 in Spellcasting
  4369 | D:5      | Reached XP level 8. HP: 40/44 MP: 13/23
  4620 | D:5      | Reached * piety under Vehumet
  4620 | D:5      | Offered knowledge of Kiss of Death by Vehumet.
  4632 | D:5      | Reached skill level 5 in Conjurations
  5344 | D:6      | Learned a level 5 spell: Freezing Cloud
  5410 | D:6      | Reached skill level 10 in Spellcasting
  5606 | D:6      | Reached skill level 1 in Ice Magic
  5606 | D:6      | Reached skill level 1 in Evocations
  5620 | D:6      | Noticed Prince Ribbit
  5644 | D:6      | Killed Prince Ribbit
  5645 | D:6      | Reached skill level 1 in Shields
  5849 | D:6      | Reached XP level 9. HP: 48/48 MP: 13/25
  6071 | D:4      | Killed Grinder
  6142 | D:4      | Reached skill level 11 in Spellcasting
  7208 | D:7      | Reached ** piety under Vehumet
  7208 | D:7      | Offered knowledge of Momentum Strike by Vehumet.
  7731 | D:8      | Found a sparkling altar of Nemelex Xobeh.
  7731 | D:8      | Found a glowing silver altar of Zin.
  7804 | D:8      | Found a hide-covered altar of Uskayaw.
  7809 | D:8      | Reached skill level 12 in Spellcasting
  7924 | D:8      | Noticed a troll
  7927 | D:8      | Engulfed by a cloud of freezing vapour

Illustrated notes

Levels and vault maps discovered:
D:1:      nicolae_arrival_washed_ashore, layout_loops_ring
D:2:      layout_rooms
D:3:      layout_loops_ring, nicolae_qazlal_eye_of_the_storm, uniq_natasha
D:4:      layout_basic, nicolae_kikubaaqudgha_miasma_corner,
          minmay_temple_entry_drinking_statues, nicolae_nh_ransacked_shop,
          uniq_grinder
D:5:      layout_cave_pods, moated_statue, uniq_pikel, uniq_blork_the_orc,
          uniq_menkaure
D:6:      layout_basic, serial_library_hellmonk_long_bookcase,
          uniq_prince_ribbit1
D:7:      nicolae_BIG_FREAKIN_CUBE, layout_basic, kennysheep_generic_room_5
D:8:      layout_basic, riverfiend_overflow_shadow_ancestor,
          mainiacjoe_overflow_cross_hatched,
          nicolae_overflow_macrodata_refinement
Temple:   bh_familiar_temple

Skill      XL: |  1  2  3  4  5  6  7  8  9 |
---------------+----------------------------+-----
Spellcasting   | 5 6 7 9 10 12 | 12.0
Fighting       | 1 2 |  2.0
Armour         | 1 2 3 |  3.0
Conjurations   | 2 3 4 5 6 |  6.6
Stealth        | 3 |  3.0
Dodging        | 3 |  3.0
Air Magic      | 1 |  1.1
Alchemy        | 1 2 3 4 |  4.1
Ice Magic      | 2 3 |  3.8
Evocations     | 1 |  1.0
Shields        | 1 2 |  2.8
Summonings     | |  1.1
Translocations | |  1.1

Action                     |  1- 3 |  4- 6 |  7- 9 || total
---------------------------+-------+-------+-------++-------
  Melee: Dagger            |    22 |    33 |   118 ||   173
   Cast: Magic Dart        |    85 |    44 |   181 ||   310
         Mephitic Cloud    |     2 |     8 |    22 ||    32
         Call Imp          |       |     4 |     2 ||     6
         Blink             |       |     3 |     3 ||     6
         Irradiate         |       |       |     2 ||     2
         Freezing Cloud    |       |       |     2 ||     2
  Evoke: Wand              |       |       |     1 ||     1
   Stab: Confused          |       |     3 |    24 ||    27
         Sleeping          |       |       |     1 ||     1
 Armour: Robe              |    18 |    14 |    56 ||    88
  Dodge: Dodged            |    13 |    26 |    72 ||   111

Table legend: (Time is in decaauts)
 A = Elapsed time spent in this place.
 B = Non-inter-level travel time spent in this place.
 C = Inter-level travel time spent in this place.
 D = Time resting spent in this place.
 E = Time spent auto-exploring this place.
 F = Levels seen in this place.
 G = Mean time per level.
                   A        B        C        D        E       F      G
               +--------+--------+--------+--------+--------+-----+--------+
         Total |   7925 |   7460 |    465 |    116 |   6207 |   9 |  880.6 |
       Dungeon |   7879 |   7457 |    422 |    116 |   6207 |   8 |  984.9 |
        Temple |     45 |      2 |     43 |      0 |      0 |   1 |   45.0 |
               +--------+--------+--------+--------+--------+-----+--------+

Top non-repeatable levels by time:
     D:5: 1346 daAuts
     D:4: 1209 daAuts
     D:3: 1204 daAuts
     D:6: 1187 daAuts
     D:1: 1071 daAuts
     D:7: 967 daAuts
     D:2: 625 daAuts
     D:8: 266 daAuts
  Temple: 45 daAuts
